 Dungeon Crawl Stone Soup version 0.31-a0-355-g57cb03d3e8 (webtiles) character file.

Game seed: 15478646509904647284

35 Newt the Changeling (level 3, -1/28 HPs)
             Began as a Draconian Shapeshifter on July 24, 2023.
             Killed by divine providence
             ... invoked by an orc priest
              (16 damage)
             ... on level 2 of the Dungeon.
             The game lasted 00:00:42 (806 turns).

Newt the Changeling (Draconian Shapeshifter)         Turns: 806, Time: 00:00:43

Health: -1/28      AC:  5    Str: 19    XL:     3   Next: 16%
Magic:  3/3        EV: 12    Int:  8    God:
Gold:   34         SH:  0    Dex: 11    Spells: 2/2 levels left

rFire   . .          .
                       - Unarmed
rCold   . . .        (no shield)
rNeg    . . .        (body armour unavailable)
rPois   .            (helmet currently unavailable)
rElec   .            (cloak currently unavailable)
rCorr   .            (gloves currently unavailable)
SInv    .            (boots currently unavailable)
Will    .....        (no amulet)
Stlth   +            (no ring)
HPRegen 0.24/turn    (no ring)
MPRegen 0.08/turn

%: no passive effects
@: beast-form
A: beast (slay +2), AC +5, unfitting armour, cold-blooded
a: Begin Untransformation


You were on level 2 of the Dungeon.
You were a hulking beast.
You visited 1 branch of the dungeon, and saw 2 of its levels.

You collected 34 gold pieces.

Inventory:

Missiles
 d - 2 poisoned darts
Jewellery
 c - a ring of protection from cold
Talismans
 b - a beast talisman
Scrolls
 e - a scroll of fog {unknown}
 i - a scroll of identify {unknown}
 j - a scroll of enchant weapon {unknown}
Potions
 a - a potion of lignification
 f - 3 potions of curing {unknown}
 g - a potion of enlightenment {unknown}
 h - a potion of degeneration {unknown}


   Skills:
 - Level 1.1 Fighting
 - Level 1.7 Dodging
 - Level 3.0 Unarmed Combat
 + Level 4.0 Shapeshifting


You had 2 spell levels left.
You didn't know any spells.
Your spell library was empty.

Dungeon Overview and Level Annotations

Branches:
Dungeon (2/15)

Altars:


Innate Abilities, Weirdness & Mutations

You are a hulking beast.
Your limbs bulge with bestial killing power. (Slay +2)
Your plain brown scales are hard. (AC +5)
You cannot fit into any form of body armour.
You are cold-blooded and may be slowed by cold attacks.


Message History

The goblin shouts!
A goblin is nearby!
The goblin hits you but does no damage.
You hit the goblin.
You kill the goblin!
Your Shapeshifting skill increases to level 4!
No target in view!
No target in view!
f - 3 metallic dark potions (gained 1) 2 orcs come into view.
The orc shouts! x2; You hear a shout! x2
There are monsters nearby! 2 orc priests and an orc come into view.
The orc priest shouts! x2; The orc shouts!
An orc comes into view. It is wielding a +0 club.
The orc priest moves out of view.
The orc closely misses you.
You hit the orc.
The orc is heavily wounded.
You hit the orc but do no damage.
You tail-slap the orc, but do no damage.
The orc is heavily wounded.
The orc closely misses you.
The orc priest calls upon Beogh to heal the orc.
The orc's wounds heal themselves!
You hit the orc but do no damage. The orc hits you with a +0 club.
The orc closely misses you.
Unknown command.
The orc attacks as you move away! The orc barely misses you.
The orc priest attacks as you move away!
The orc priest hits you but does no damage.
The orc priest looks satisfied for a moment.
The orc attacks as you move away! The orc closely misses you.
The orc priest mumbles some strange prayers to Beogh against you.
Pain shoots through your body! The orc attacks as you move away!
The orc barely misses you.
The orc priest invokes the aid of Beogh against you.
Beogh smites you!
Ouch! That really hurt!
You die...

....###....##.......
######.##...............
...............#........
..............#......(.
########..........#........
#.................#).......
..#...#..#####....#........
.........o#...#####....####
.........ooo.oh........#
.........o#...#####....#
..#...#...#...#####.####
#.........##.......<.#
#######..##.........#
................
..#.....##.........
........##...........
########..).


You could see 2 orc priests and 4 orcs.

Vanquished Creatures
  A dart slug (D:1)
  2 ball pythons (D:1)
  A bat (D:1)
  3 endoplasms (D:1)
  2 giant cockroaches (D:1)
  4 goblins
  2 hobgoblins (D:1)
  4 jackals (D:1)
  2 kobolds (D:1)
  2 quokkas (D:1)
  A frilled lizard (D:1)
  2 rats (D:1)
26 creatures vanquished.

Notes
Turn   | Place    | Note
-------+----------+-------------------------------------------
     0 | D:1      | Newt the Draconian Shapeshifter began the quest for the
                  | Orb.
     0 | D:1      | Reached XP level 1. HP: 16/16 MP: 1/1
    55 | D:1      | Reached XP level 2. HP: 20/23 MP: 2/2
   494 | D:1      | Reached XP level 3. HP: 27/28 MP: 3/3
   780 | D:2      | Reached skill level 4 in Shapeshifting
   806 | D:2      | Killed from afar by an orc priest

Illustrated notes

Levels and vault maps discovered:
D:1:      dpeg_arrival_rhombus, layout_loops_ring
D:2:      cheibrodos_pilgrimage, layout_basic

Skill      XL: |  1  2  3 |
---------------+----------+-----
Shapeshifting  | 4 |  4.0
Fighting       | |  1.1
Dodging        | |  1.7
Unarmed Combat | |  3.0

Action                     || total
---------------------------++-------
  Melee: Unarmed           ||    49
         Tailslap          ||     9
         Punch             ||     1
   Stab: Sleeping          ||     1
 Armour: Skin              ||    12
  Dodge: Dodged            ||    25

Table legend: (Time is in decaauts)
 A = Elapsed time spent in this place.
 B = Non-inter-level travel time spent in this place.
 C = Inter-level travel time spent in this place.
 D = Time resting spent in this place.
 E = Time spent auto-exploring this place.
 F = Levels seen in this place.
 G = Mean time per level.
                   A        B        C        D        E       F      G
               +--------+--------+--------+--------+--------+-----+--------+
         Total |    805 |    755 |     50 |      0 |    609 |   2 |  402.5 |
       Dungeon |    805 |    755 |     50 |      0 |    609 |   2 |  402.5 |
               +--------+--------+--------+--------+--------+-----+--------+

Top non-repeatable levels by time:
     D:1: 773 daAuts
     D:2: 32 daAuts
